 Dungeon Crawl Stone Soup version 0.24-a0-586-g8e0e932 (webtiles) character file.

Game seed: 8569056213612540487, levelgen mode: deterministic

261 NotNow the Poker (level 5, -3/47 HPs)
             Began as a Minotaur Fighter on Sept 9, 2019.
             Slain by Grinder (6 damage)
             ... on level 3 of the Dungeon.
             The game lasted 00:06:52 (2088 turns).

NotNow the Poker (Minotaur Fighter)                 Turns: 2088, Time: 00:06:52

Health: -3/47      AC:  7    Str: 22    XL:     5   Next: 96%
Magic:  4/4        EV:  8    Int:  5    God:
Gold:   157        SH:  9    Dex:  9    Spells: 4/4 levels left

rFire    . . .     SeeInvis .   a - +0 trident
rCold    . . .     Gourm    .   c - +0 shield
rNeg     . . .     Faith    .   b - +0 scale mail
rPois    .         Spirit   .   (helmet restricted)
rElec    .         Reflect  .   (no cloak)
rCorr    .         Harm     .   (no gloves)
MR       .....                  (no boots)
Stlth    ..........             (no amulet)
HPRegen  0.15/turn              (no ring)
MPRegen  0.09/turn              (no ring)

@: no status effects
A: retaliatory headbutt, horns 2
a: no special abilities


You were on level 3 of the Dungeon.
You were hungry.

You visited 1 branch of the dungeon, and saw 3 of its levels.

You collected 157 gold pieces.

Inventory:

Hand Weapons
 a - a +0 trident (weapon)
Armour
 b - a +0 scale mail (worn)
 c - a +0 shield (worn)
Scrolls
 e - 2 scrolls of fog {unknown}
 g - a scroll of identify {unknown}
 h - 2 scrolls of magic mapping {unknown}
 i - 3 scrolls of amnesia {unknown}
 k - a scroll of immolation {unknown}
 l - a scroll of teleportation {unknown}
 n - a scroll of enchant armour {unknown}
 o - a scroll of noise {unknown}
 p - a scroll of fear {unknown}
Potions
 d - 2 potions of might
 j - 3 potions of curing (quivered) {unknown}
 m - a potion of heal wounds {unknown}
Comestibles
 f - 2 rations


   Skills:
 + Level 4.4 Fighting
 + Level 5.3 Polearms
 + Level 5.0 Armour
 + Level 0.6 Dodging
 + Level 4.5 Shields


You had 4 spell levels left.
You didn't know any spells.
Your spell library was empty.

Dungeon Overview and Level Annotations

Branches:
Dungeon (3/15)

Altars:
Elyvilon
Gozag
Ru
Uskayaw
Wu Jian

Annotations:
D:3 Grinder


Innate Abilities, Weirdness & Mutations

You reflexively headbutt those who attack you in melee.
You have a pair of horns on your head.


Message History

Pain shoots through your body!
* * * LOW HITPOINT WARNING * * *
You hit Grinder.
Grinder is moderately wounded.
Grinder barely misses you. You block Grinder's attack.
Quiver which item? (- for none, * to show all) (? for menu, Esc to quit)
Quivering
j - 3 metallic golden potions for throwing.
You puncture Grinder!
Grinder is heavily wounded.
Grinder hits you but does no damage.
You puncture Grinder!
Grinder is severely wounded.
Grinder gestures at you. You resist with significant effort.
You hit Grinder but do no damage. Your headbutt misses Grinder.
Grinder is severely wounded.
Grinder hits you.
* * * LOW HITPOINT WARNING * * *
You writhe in agony.
You die...

#.(. ##.. ##. ### #.#####..
#......## ######.#.
#################### #.....
...<........@5##...#####.#.##
#############............#.#.
#####.†.#######.#.
######........#........
##...........#.#.####..>
##..##..#..##......#.....
#.#####..##..###..##..#..#.####
#.......###..# #..###.#..#.#..#
#######.# #.## ##.# #.#..#.#..#


You could see Grinder.

Vanquished Creatures
  A scorpion (D:2)
  An orc wizard (D:2)
  Jessica (D:2)
  Natasha (D:2)
  A worker ant (D:3)
  3 adders (D:2)
  5 oozes
  2 worms (D:2)
  A dart slug (D:1)
  A leopard gecko (D:1)
  4 orcs (D:2)
  6 bats
  3 giant cockroaches
  11 goblins
  5 hobgoblins
  8 kobolds
  2 frilled lizards (D:1)
  7 rats
63 creatures vanquished.

Vanquished Creatures (others)
  A quokka (D:2)
1 creature vanquished.

Grand Total: 64 creatures vanquished

Notes
Turn   | Place    | Note
-------+----------+-------------------------------------------
     0 | D:1      | NotNow the Minotaur Fighter began the quest for the Orb.
     0 | D:1      | Reached XP level 1. HP: 19/19 MP: 0/0
    36 | D:1      | Reached XP level 2. HP: 15/27 MP: 1/1
   263 | D:1      | Reached XP level 3. HP: 28/33 MP: 2/2
   868 | D:2      | Reached XP level 4. HP: 37/40 MP: 3/3
   971 | D:2      | Found a white marble altar of Elyvilon.
  1060 | D:2      | Reached XP level 5. HP: 17/47 MP: 4/4
  1250 | D:2      | Noticed Jessica
  1255 | D:2      | Noticed Natasha
  1256 | D:2      | Killed Jessica
  1264 | D:2      | Killed Natasha
  1264 | D:2      | Reached skill level 5 in Polearms
  1961 | D:3      | Found an opulent altar of Gozag.
  1987 | D:3      | Reached skill level 5 in Armour
  2028 | D:3      | Found an ornate altar of the Wu Jian Council.
  2028 | D:3      | Found a sacrificial altar of Ru.
  2028 | D:3      | Found a hide-covered altar of Uskayaw.
  2064 | D:3      | Noticed Grinder
  2088 | D:3      | Slain by Grinder

Levels and vault maps discovered:
D:1:      minmay_arrival_stone_box, layout_loops_ring
D:2:      layout_basic, elyvilon_altar_4, uniq_natasha, uniq_jessica
D:3:      layout_basic, lemuel_round_altar, gammafunk_temple_overflow_claw,
          uniq_grinder

Skill      XL: |  1  2  3  4  5 |
---------------+----------------+-----
Shields        | 4 |  4.5
Fighting       | 4 |  4.4
Armour         | 4 5 |  5.0
Polearms       | 3 4 5 |  5.3
Dodging        | |  0.6

Action                   |  1- 3 |  4- 6 || total
-------------------------+-------+-------++-------
Melee: Trident           |    84 |    83 ||   167
       Headbutt          |    12 |    14 ||    26
  Eat: Chunk             |       |     3 ||     3
Armor: Scale mail        |    32 |    17 ||    49
Dodge: Dodged            |    32 |    29 ||    61
Block: Shield            |    44 |    29 ||    73

Table legend:
 A = Non-vault XP
 B = Vault XP
 C = Vault XP percentage of total XP
 D = Non-vault monster count
 E = Vault monster count
 F = Vault count percentage of total count
                 A         B        C        D         E       F
            +---------+---------+-------+---------+---------+-------
      Total |     304 |      70 |  18.7 |      61 |       2 |   3.2
            +---------+---------+-------+---------+---------+-------
        D:1 |      56 |       0 |   0.0 |      27 |       0 |   0.0
        D:2 |     207 |      70 |  25.3 |      29 |       2 |   6.5
        D:3 |      41 |       0 |   0.0 |       5 |       0 |   0.0
            +---------+---------+-------+---------+---------+-------
